 Dungeon Crawl Stone Soup version 0.30-a0-1018-g25214051b3 (webtiles) character file.

Game seed: 5910077328868685714

26 PimpSugar the Magician (level 2, 0/20 HPs)
             Began as a Demonspawn Hedge Wizard on Apr 7, 2023.
             Slain by a gnoll
             ... wielding a +0 spear
              (8 damage)
             ... on level 1 of the Dungeon.
             The game lasted 00:03:18 (1136 turns).

PimpSugar the Magician (Demonspawn Hedge Wizard)    Turns: 1136, Time: 00:03:19

Health: 0/20       AC:  2    Str: 10    XL:     2   Next: 89%
Magic:  0/6        EV: 12    Int: 15    God:
Gold:   72         SH:  0    Dex: 12    Spells: 1/7 levels left

rFire   . . .      SeeInvis .    a - +0 dagger
rCold   . . .      Faith    .    (no shield)
rNeg    . . .      Spirit   .    b - +0 robe
rPois   .          Reflect  .    c - +0 hat
rElec   .          Rampage  .    (no cloak)
rCorr   .                        (no gloves)
Will    .....                    (no boots)
Stlth   ++                       (no amulet)
HPRegen 0.23/turn                l - +4 ring of slaying
MPRegen 0.10/turn                (no ring)

@: very slightly contaminated
A: ignite blood 1
a: no special abilities


You were on level 1 of the Dungeon.
You visited 1 branch of the dungeon, and saw 1 of its levels.

You collected 72 gold pieces.

Inventory:

Hand Weapons
 a - a +0 dagger (weapon)
Missiles
 g - 15 stones
Armour
 b - a +0 robe (worn)
 c - a +0 hat (worn)
Jewellery
 l - a +4 ring of slaying (left hand)
Scrolls
 h - a scroll of fog {unknown}
 i - a scroll of immolation {unknown}
 j - a scroll of identify {unknown}
 m - a scroll of vulnerability {unknown}
Potions
 d - a potion of magic
 e - a potion of curing {unknown}
 f - 3 potions of lignification {unknown}
 k - a potion of might {unknown}
 n - 2 potions of degeneration {unknown}


   Skills:
 + Level 0.5 Fighting
 + Level 2.0 Dodging
 + Level 1.9 Stealth
 * Level 3.2 Spellcasting
 * Level 1.5 Conjurations
 + Level 0.2 Hexes
 + Level 1.2 Summonings
 + Level 1.1 Translocations


You had one spell level left.
You knew the following spells:

 Your Spells              Type           Power      Damage    Failure   Level
a - Magic Dart            Conj           28%        1d4       11%         1
b - Call Imp              Summ           12%        N/A       19%         2
d - Slow                  Hex            12%        N/A       19%         1
e - Blink                 Tloc           10%        N/A       19%         2

Your spell library contained the following spells:

 Spells                   Type           Power      Damage    Failure   Level
 Cigotuvi's Dreadful Rot  Necr/Pois/Air  4%         N/A       30%         2
 Mephitic Cloud           Conj/Pois/Air  3%         N/A       43%         3


Dungeon Overview and Level Annotations

Branches:
Dungeon (1/15)

Altars:


Innate Abilities, Weirdness & Mutations

Your demonic aura sometimes causes spilled blood to erupt in flames.


Message History

The magic dart hits the gnoll.
The gnoll is moderately wounded.
Casting: Magic Dart (safe; 11% risk of failure)
Confirm with . or Enter, or press ? or * to list all spells.
You miscast Call Imp.
You are very lightly contaminated with residual magic.
Nothing appears to happen.
Casting: Call Imp (safe; 19% risk of failure)
Confirm with . or Enter, or press ? or * to list all spells.
A tiny devil pulls itself out of the air.
The gnoll hits you from afar with a +0 spear.
Your cerulean imp barely misses the gnoll.
The gnoll hits you from afar with a +0 spear.
Your cerulean imp hits the gnoll with a -3 spear.
The gnoll misses you.
Your cerulean imp barely misses the gnoll.
The gnoll hits you from afar with a +0 spear.
* * * LOW HITPOINT WARNING * * *
Your cerulean imp hits the gnoll with a -3 spear.
Your cerulean imp misses the gnoll.
Your cerulean imp closely misses the gnoll.
Your magical contamination has completely faded away.
Aiming: Magic Dart (safe; 11% risk of failure)
Press: ? - help, Q - select action, (/) - cycle Shift-Dir - straight line, f/p - gnoll
Aim: a gnoll, wielding a +0 spear (almost dead, ally target, 100% to hit)
You miscast Magic Dart.
You are very lightly contaminated with residual magic.
Nothing appears to happen.
The gnoll misses you.
Your cerulean imp closely misses the gnoll.
Your cerulean imp hits the gnoll but does no damage.
Aiming: Magic Dart (safe; 11% risk of failure)
Press: ? - help, Q - select action, (/) - cycle Shift-Dir - straight line, f/p - gnoll
Aim: a gnoll, wielding a +0 spear (almost dead, ally target, 100% to hit)
The magic dart hits the gnoll.
The gnoll is almost dead.
The gnoll misses you.
Your cerulean imp hits the gnoll but does no damage.
The gnoll hits you from afar with a +0 spear!
You die...

#.#........#.####
#.#...#.#..#.....
#######.#.....#..#.....
#.....#'#.#.###..#.###.
#.....5.........>......
#...........###..#.#...
#####g......'....#.#...
#.......####.#.####
#.@...######.#.####
###.#........#.....
#.#.######.###### #.#.#
#.#..... #.#.# #.#.####
#.#.# #.#.#### #.#.#
#.#.##.. #.#.# #.#.##.#
#.#.######.#.##.#


You could see a gnoll (ally target) and a friendly cerulean imp (summoned).

Vanquished Creatures
  A dart slug (D:1)
  3 ball pythons (D:1)
  2 endoplasms (D:1)
  A goblin (D:1)
  3 hobgoblins (D:1)
  A quokka (D:1)
  2 bats (D:1)
  2 kobolds (D:1)
  A rat (D:1)
16 creatures vanquished.

Vanquished Creatures (collateral kills)
  A giant cockroach (D:1)
  A quokka (D:1)
  A ball python (D:1)
  2 bats (D:1)
  A kobold (D:1)
6 creatures vanquished.

Grand Total: 22 creatures vanquished

Notes
Turn   | Place    | Note
-------+----------+-------------------------------------------
     0 | D:1      | PimpSugar the Demonspawn Hedge Wizard began the quest for
                  | the Orb.
     0 | D:1      | Reached XP level 1. HP: 13/13 MP: 4/4
   180 | D:1      | Reached skill level 1 in Translocations
   342 | D:1      | Gained mutation: Your demonic aura sometimes causes spilled
                  | blood to erupt in flames. [demonic ancestry]
   342 | D:1      | Reached XP level 2. HP: 19/19 MP: 1/6
   541 | D:1      | Learned a level 2 spell: Call Imp
   544 | D:1      | Learned a level 2 spell: Blink
   546 | D:1      | Learned a level 1 spell: Slow
  1136 | D:1      | Slain by a gnoll

Illustrated notes

Levels and vault maps discovered:
D:1:      evilmike_arrival_plus, layout_basic, minmay_misc_feat_rugged,
          roderic_filled_cross

Skill      XL: |  1  2 |
---------------+-------+-----
Translocations | 1 |  1.1
Dodging        | 2 |  2.0
Fighting       | |  0.5
Stealth        | |  1.9
Spellcasting   | |  3.2
Conjurations   | |  1.5
Hexes          | |  0.2
Summonings     | |  1.2

Action                     || total
---------------------------++-------
  Melee: Dagger            ||    22
   Cast: Magic Dart        ||    41
         Call Imp          ||     6
   Stab: Sleeping          ||     1
         Distracted        ||     1
 Armour: Robe              ||     9
  Dodge: Dodged            ||    52

Table legend: (Time is in decaauts)
 A = Elapsed time spent in this place.
 B = Non-inter-level travel time spent in this place.
 C = Inter-level travel time spent in this place.
 D = Time resting spent in this place.
 E = Time spent auto-exploring this place.
 F = Levels seen in this place.
 G = Mean time per level.
                   A        B        C        D        E       F      G
               +--------+--------+--------+--------+--------+-----+--------+
         Total |   1135 |   1119 |     16 |      0 |    805 |   1 | 1135.0 |
       Dungeon |   1135 |   1119 |     16 |      0 |    805 |   1 | 1135.0 |
               +--------+--------+--------+--------+--------+-----+--------+

Top non-repeatable levels by time:
     D:1: 1135 daAuts
